 Dungeon Crawl Stone Soup version 0.28-a0-845-gfc338a8e3c (webtiles) character file.

Game seed: 10625004060460955410

410 mainiacjoe the Conjurer (level 7, 0/46 HPs)
             Began as a Human Conjurer on Nov 12, 2021.
             Was an Initiate of Sif Muna.
             Slain by a cyan ugly thing (14 damage)
             ... on level 7 of the Dungeon.
             The game lasted 00:14:40 (4855 turns).

mainiacjoe the Conjurer (Human Conjurer)            Turns: 4855, Time: 00:14:41

Health: 0/46       AC:  4    Str:  7    XL:     7   Next: 13%
Magic:  7/10       EV: 12    Int: 20    God:    Sif Muna [......]
Gold:   125        SH:  0    Dex: 18    Spells: 0/10 levels left

rFire   . . .      SeeInvis .   b - +0 hunting sling
rCold   . . .      Faith    .   (no shield)
rNeg    . . .      Spirit   .   x - +1 leather armour
rPois   .          Reflect  .   (no helmet)
rElec   .          Harm     .   (no cloak)
rCorr   .          Rampage  .   (no gloves)
Will    .....                   (no boots)
Stlth   ++........              (no amulet)
HPRegen 0.15/turn               t - +6 ring of dexterity
MPRegen 0.12/turn               D - ring of wizardry {=R}

@: no status effects
A: no striking features
a: Renounce Religion


You were on level 7 of the Dungeon.
You worshipped Sif Muna.
Sif Muna was noncommittal.
You visited 1 branch of the dungeon, and saw 6 of its levels.

You collected 125 gold pieces.

Inventory:

Hand Weapons
 a - a +0 rapier
 b - a +0 hunting sling (weapon)
 i - a +0 short sword
 F - a +0 flail
Missiles
 c - 133 stones (quivered ammo)
 e - 76 sling bullets
 h - 29 arrows
 r - 9 javelins
 s - 40 poisoned darts
 B - 16 bolts
Armour
 m - a +0 robe
 x - a +1 leather armour (worn)
Jewellery
 t - a +6 ring of dexterity (left hand)
 y - a ring of positive energy
 D - a ring of wizardry (right hand) {=R}
Wands
 w - a wand of iceblast (7)
 E - a wand of charming (9)
Scrolls
 f - 2 scrolls of enchant armour
 g - a scroll of fog
 l - a scroll of magic mapping {unknown}
 n - a scroll of enchant weapon {unknown}
 p - a scroll of identify {unknown}
 u - a scroll of amnesia {unknown}
 v - 2 scrolls of teleportation {unknown}
Potions
 d - 3 potions of heal wounds {unknown}
 j - a potion of curing {unknown}
 k - 2 potions of magic {unknown}
 o - a potion of ambrosia {unknown}
 q - a potion of flight {unknown}
 z - a potion of degeneration {unknown}
 A - a potion of might {unknown}
 C - a potion of experience {unknown}
 G - a potion of lignification {unknown}


   Skills:
 - Level 2.0 Dodging
 - Level 2.0 Stealth
 - Level 2.0 Spellcasting
 - Level 6.1 Conjurations
 + Level 4.8 Fire Magic


You couldn't memorise any spells.
You knew the following spells:

 Your Spells              Type           Power      Damage    Failure   Level
a - Magic Dart            Conj           100%       1d8       1%          1
b - Searing Ray           Conj           52%        2d6       1%          2
c - Flame Wave            Conj/Fire      24%        3d6       10%         4
d - Inner Flame           Hex/Fire       11%        N/A       11%         3

Your spell library contained the following spells:

 Spells                   Type           Power      Damage    Failure   Level
 Foxfire                  Conj/Fire      96%        2x1d8     1%          1
 Conjure Flame            Conj/Fire      24%        6-21      3%          3
 Dazzling Flash           Conj/Hex       28%        N/A       9%          3
 Gell's Gravitas          Tloc           2%         N/A       26%         3
 Teleport Other           Tloc           2%         N/A       26%         3
 Fulminant Prism          Conj/Hex       7%         3d7       26%         4
 Iskenderun's Mystic Bla  Conj/Tloc      14%        2d5       26%         4
 Dispersal                Tloc           1%         N/A       100%        6


Dungeon Overview and Level Annotations

Branches:
Dungeon (7/15)
 Temple: D:4-7

Altars:
Sif Muna

Annotations:
D:1 flight vault
D:3 1 runed translucent door, exclusions: sky beast and 1 more exclusion, Crazy Yiuf
D:7 3 runed translucent doors, exclusion: steam dragon


Message History

An ice beast comes into view.
Found a rapier and a leather armour.
You see here a coppery potion.
You open the door.
There is an open door here.
You open the door.
There is an open door here.
You see here a +0 rapier.
F - a +0 rapier Adjust (i)tems, (s)pells, or (a)bilities?
F - a +0 rapier Adjust to which letter? (? for menu, Esc to quit)
a - a +0 rapier;
F - a +0 flail
Found a silvery potion.
Found 18 stones.
G - a silvery potion
Found a stone.
Found a runed translucent gate.
Found a shimmering blue altar of Sif Muna.
You open the door.
There is an open door here.
There is a shimmering blue altar of Sif Muna here.
You kneel at the altar of Sif Muna.
Sif Muna welcomes you!
There is an open door here.
A cyan ugly thing comes into view.
The cyan ugly thing gurgles horribly!
The cyan ugly thing barely misses you.
Casting: Searing Ray (safe; 1% risk of failure)
Confirm with . or Enter, or press ? or * to list all spells.
Aiming: Searing Ray (safe; 1% risk of failure)
Press: ? - help, Shift-Dir - straight line, f - cyan ugly thing
Aim: a cyan ugly thing (79% to hit)
The searing ray hits the cyan ugly thing!
The cyan ugly thing is lightly wounded. (Press . to maintain the ray.)
The cyan ugly thing gores you! The cyan ugly thing shocks you!
The searing ray hits the cyan ugly thing.
The cyan ugly thing is lightly wounded.
The cyan ugly thing gores you. The cyan ugly thing shocks you!
You die...

........# ..
.....##.# .#
##+#.##+###.#
#..........#
#####.....###
...(......#
#.###.....#
#.....# ######.#
#+###.....#
#.@u...#
+_###..####
#.###### #'###..#
#.# #.# #.####
#.#
#.###....######.#
......##.#......#
.........#.######
######.###.# #.#
#.#


You could see a cyan ugly thing.

Vanquished Creatures
  A water moccasin (D:5)
  A black bear (D:4)
  2 orc priests (D:4)
  A hound skeleton (D:4)
  3 gnolls (D:4)
  4 adders
  A white imp (D:7)
  4 worms
  2 orcs
  2 endoplasms
  3 giant cockroaches
  9 goblins
  6 hobgoblins
  2 quokkas (D:1)
  2 ball pythons (D:3)
  7 bats
  A frilled lizard (D:1)
  10 kobolds
  4 rats
65 creatures vanquished.

Notes
Turn   | Place    | Note
-------+----------+-------------------------------------------
     0 | D:1      | mainiacjoe the Human Conjurer began the quest for the Orb.
     0 | D:1      | Reached XP level 1. HP: 13/13 MP: 3/3
   263 | D:1      | Reached XP level 2. HP: 19/19 MP: 1/5
   313 | D:1      | Learned a level 2 spell: Searing Ray
   861 | D:2      | Reached XP level 3. HP: 18/24 MP: 1/6
   935 | D:2      | Reached skill level 5 in Conjurations
  1431 | D:2      | Found a faded altar of an unknown god.
  1822 | D:3      | Reached XP level 4. HP: 30/30 MP: 0/7
  2428 | D:3      | Noticed a sky beast
  2548 | D:3      | Found a runed translucent door.
  2549 | D:3      | Noticed Crazy Yiuf
  3009 | D:4      | Reached skill level 6 in Conjurations
  3009 | D:4      | Reached XP level 5. HP: 16/35 MP: 4/8
  3014 | D:4      | Learned a level 4 spell: Flame Wave
  3016 | D:4      | Reached skill level 1 in Fire Magic
  3574 | D:4      | Reached XP level 6. HP: 41/41 MP: 4/9
  3827 | D:4      | Noticed a black bear
  3835 | D:4      | Killed a black bear
  4338 | D:5      | Entered Level 5 of the Dungeon
  4390 | D:5      | Noticed a water moccasin
  4397 | D:5      | Killed a water moccasin
  4398 | D:5      | Reached XP level 7. HP: 34/46 MP: 2/10
  4573 | D:5      | Learned a level 3 spell: Inner Flame
  4655 | D:5      | You fall into a shaft and drop 2 floors!
  4670 | D:7      | Noticed a steam dragon
  4808 | D:7      | Found a runed translucent gate.
  4808 | D:7      | Found a runed translucent gate.
  4808 | D:7      | Found a runed translucent gate.
  4813 | D:7      | Found a shimmering blue altar of Sif Muna.
  4827 | D:7      | Became a worshipper of Sif Muna the Loreminder
  4852 | D:7      | Noticed a cyan ugly thing
  4855 | D:7      | Slain by a cyan ugly thing

Illustrated notes

Levels and vault maps discovered:
D:1:      grunt_arrival_lava_bath, layout_rooms
D:2:      layout_basic, shapermc_ecumenical_altar_mp_highgroup
D:3:      layout_loops_ring, grunt_ministairs_2, uniq_crazy_yiuf_cottage
D:4:      layout_layer_cave
D:5:      layout_basic, mainiacjoe_overflow_alcove_2
D:7:      kennysheep_windowed_halls, layout_basic, lemuel_doored_altar,
          ebering_ghost_rock_garden

Skill      XL: |  1  2  3  4  5  6 |
---------------+-------------------+-----
Conjurations   | 5 6 |  6.1
Fire Magic     | 2 4 |  4.8
Dodging        | |  2.0
Stealth        | |  2.0
Spellcasting   | |  2.0

Action                   |  1- 3 |  4- 6 |  7- 9 || total
-------------------------+-------+-------+-------++-------
Melee: Short sword       |     3 |       |       ||     3
 Fire: Hunting sling     |     6 |    59 |       ||    65
Throw: Stone             |     8 |       |       ||     8
       Dart              |       |     2 |       ||     2
 Cast: Magic Dart        |    36 |    13 |       ||    49
       Searing Ray       |    12 |    15 |     2 ||    29
  Use: Scroll            |       |     2 |       ||     2
Armor: Robe              |     2 |     3 |       ||     5
       Leather armour    |       |     2 |       ||     2
Dodge: Dodged            |     3 |    17 |     1 ||    21

Table legend: (Time is in decaauts)
 A = Elapsed time spent in this place.
 B = Non-inter-level travel time spent in this place.
 C = Inter-level travel time spent in this place.
 D = Time resting spent in this place.
 E = Time spent auto-exploring this place.
 F = Levels seen in this place.
 G = Mean time per level.
                   A        B        C        D        E       F      G
               +--------+--------+--------+--------+--------+-----+--------+
         Total |   4861 |   4718 |    143 |    707 |   3460 |   6 |  810.2 |
       Dungeon |   4861 |   4718 |    143 |    707 |   3460 |   6 |  810.2 |
               +--------+--------+--------+--------+--------+-----+--------+

Top non-repeatable levels by time:
     D:4: 1396 daAuts
     D:2: 1224 daAuts
     D:3: 1133 daAuts
     D:1: 591 daAuts
     D:5: 315 daAuts
     D:7: 199 daAuts
